 Dungeon Crawl Stone Soup version 0.29.1-4-g47bece8355 (webtiles) character file.

Game seed: 1355601493623990022

32 KittyFluff the Trooper (level 3, 0/36 HPs)
             Began as a Gargoyle Berserker on Dec 3, 2022.
             Was a Follower of Trog.
             Slain by Jessica
             ... wielding a +0 dagger
              (3 damage)
             ... on level 2 of the Dungeon.
             The game lasted 00:06:10 (1387 turns).

KittyFluff the Trooper (Gargoyle Berserker)         Turns: 1387, Time: 00:06:10

Health: 0/36       AC:  5    Str: 20    XL:     3   Next: 27%
Magic:  3/3        EV: 12    Int:  7    God:    Trog [*.....]
Gold:   60         SH:  0    Dex: 11    Spells: 2/2 levels left

rFire   . . .      SeeInvis .   a - +0 mace
rCold   . . .      Faith    .   (no shield)
rNeg    + . .      Spirit   .   b - +0 animal skin
rPois   ∞          Reflect  .   (no helmet)
rElec   +          Harm     .   (no cloak)
rCorr   .          Rampage  .   (no gloves)
Will    .....                   (no boots)
Stlth   ..........              (no amulet)
HPRegen 0.12/turn               (no ring)
MPRegen 0.08/turn               (no ring)

@: berserking, very quick
A: sickness immunity, AC +3, negative energy resistance 1, electricity
resistance, torment resistance 1, petrification resistance
a: Renounce Religion, Berserk


You were on level 2 of the Dungeon.
You worshipped Trog.
Trog was aware of your devotion.
You visited 1 branch of the dungeon, and saw 2 of its levels.

You collected 60 gold pieces.

Inventory:

Hand Weapons
 a - a +0 mace (weapon)
Missiles
 c - 12 stones (quivered)
 f - 5 javelins
Armour
 b - a +0 animal skin (worn)
Scrolls
 d - a scroll of identify {unknown}
 g - a scroll of blinking {unknown}
 h - a scroll of amnesia {unknown}
 i - a scroll of poison {unknown}
 m - a scroll of summoning {unknown}
Potions
 e - a potion of flight {unknown}
 j - 2 potions of invisibility
 k - a potion of degeneration {unknown}
 l - a potion of heal wounds {unknown}


   Skills:
 + Level 3.7 Fighting
 + Level 3.6 Maces & Flails
 + Level 2.3 Armour
 + Level 1.8 Dodging


You had 2 spell levels left.
You didn't know any spells.
Your spell library was empty.

Dungeon Overview and Level Annotations

Branches:
Dungeon (2/15)

Altars:

Shops:
D:1 (

Annotations:
D:2 Jessica


Innate Abilities, Weirdness & Mutations

You are immune to sickness and miasma.
Your stone body is resilient. (AC +3)
You are immune to poison.
You resist negative energy. (rN+)
You are resistant to electric shocks. (rElec)
You are resistant to unholy torment.
You are immune to petrification.


Message History

You hit the bat but do no damage. The bat closely misses you. x2
You miss the bat. The bat barely misses you. x2
You closely miss the bat. The bat hits you but does no damage.
The bat hits you. The bat hits you but does no damage.
You closely miss the bat. The bat barely misses you.
The bat hits you but does no damage.
You hear some strange, mumbled words.
The bat hits you but does no damage.
You closely miss the bat. The bat hits you but does no damage.
The bat hits you.
You hear some strange, mumbled words.
You miss the bat. The bat hits you but does no damage.
You hear some strange, mumbled words.
The bat hits you but does no damage. The bat closely misses you.
You hit the bat.
The bat is severely wounded.
The bat closely misses you. The bat hits you but does no damage.
The bat hits you.
You closely miss the bat.
The bat is severely wounded.
The bat closely misses you.
You hear some strange, mumbled words.
The bat hits you.
You feel yourself speed up. The bat misses you.
The bat hits you but does no damage.
You hit the bat.
You kill the bat!
Trog accepts your kill.
You start resting.
Something hits you but does no damage. Something hits you.
You completely miss something. Something hits you. x2
* * * LOW HITPOINT WARNING * * *
You start resting.
Something completely misses you. Something barely misses you.
Something hits you.
* * * LOW HITPOINT WARNING * * *
A red film seems to cover your vision as you go berserk!
You feel yourself moving faster!
You feel mighty!
You can no longer call upon Trog for regeneration and willpower.
Something hits you but does no damage. Something hits you.
You die...

#......##..#
#.......###.#
..........#
#.##
.........##
#..#####
........#
##.....# ..
....# ###...#
.. ####...#
#......#
........##@..#
......####...#
...... #...#
..... #.###
..... ..# #..#
.## #.. . #.


There were no monsters in sight!

Vanquished Creatures
  An adder (D:2)
  A dart slug (D:1)
  3 goblins (D:1)
  6 hobgoblins
  2 ball pythons (D:1)
  3 bats
  3 frilled lizards
  2 rats (D:1)
21 creatures vanquished.

Notes
Turn   | Place    | Note
-------+----------+-------------------------------------------
     0 | D:1      | KittyFluff the Gargoyle Berserker began the quest for the
                  | Orb.
     0 | D:1      | Reached XP level 1. HP: 14/14 MP: 1/1
   110 | D:1      | Found Gobbetoh's Weapon Boutique.
   650 | D:1      | Reached XP level 2. HP: 13/19 MP: 2/2
  1287 | D:2      | Reached XP level 3. HP: 23/24 MP: 3/3
  1304 | D:2      | Reached ** piety under Trog
  1360 | D:2      | Noticed Jessica
  1387 | D:2      | Slain by Jessica

Illustrated notes

Levels and vault maps discovered:
D:1:      dpeg_arrival_boxes_within_box, layout_basic, serial_shops,
          nicolae_shop_behind_doors, grunt_decor_junction, grunt_decor_clamped,
          chequers_arboretum, minmay_misc_feat_columns
D:2:      layout_rooms, shapermc_ecumenical_altar_mp_highgroup,
          kennysheep_big_empty_room, nicolae_underground_beach, uniq_jessica

Action                   || total
-------------------------++-------
Melee: Mace              ||    73
Invok: Berserk           ||     1
Armor: Animal skin       ||    38
Dodge: Dodged            ||    52
